 Dungeon Crawl Stone Soup version 0.25-a0-505-gae4569222e (webtiles) character file.

Game seed: 1390585775720598590, levelgen mode: deterministic

131 kae the Insei (level 4, -2/35 HPs)
             Began as a Demonspawn Gladiator on Feb 14, 2020.
             Slain by a scorpion (8 damage)
             ... on level 3 of the Dungeon.
             The game lasted 00:01:59 (1755 turns).

kae the Insei (Demonspawn Gladiator)                Turns: 1755, Time: 00:01:59

Health: -2/35      AC:  7    Str: 15    XL:     4   Next: 91%
Magic:  4/4        EV: 13    Int:  9    God:
Gold:   107        SH:  0    Dex: 15    Spells: 3/3 levels left

rFire    . . .     SeeInvis .     - Unarmed
rCold    . . .     Gourm    .   (no shield)
rNeg     . . .     Faith    .   a - +0 leather armour
rPois    +         Spirit   .   b - +0 helmet
rElec    .         Reflect  .   g - +0 cloak
rCorr    .         Harm     .   (no gloves)
MR       .....                  (no boots)
Stlth    +.........             (no amulet)
HPRegen  0.11/turn              n - ring of poison resistance
MPRegen  0.09/turn              (no ring)

@: no status effects
A: claws 1, molten scales 1, spiny 1
a: no special abilities


You were on level 3 of the Dungeon.
You were not hungry.

You visited 1 branch of the dungeon, and saw 3 of its levels.

You collected 107 gold pieces.

Inventory:

Missiles
 c - 3 throwing nets (quivered)
Armour
 a - a +0 leather armour (worn)
 b - a +0 helmet (worn)
 g - a +0 cloak (worn)
Jewellery
 j - an uncursed ring of fire
 n - a ring of poison resistance (left claw)
Scrolls
 e - 2 scrolls of teleportation
 i - a scroll of immolation {unknown}
 k - a scroll of identify {unknown}
Potions
 h - a potion of ambrosia {unknown}
 m - a potion of agility {unknown}
Comestibles
 d - 4 rations
 f - a chunk of flesh


   Skills:
 + Level 3.2 Fighting
 - Level 1.7 Throwing
 - Level 3.0 Dodging
 * Level 4.3 Unarmed Combat


You had 3 spell levels left.
You didn't know any spells.
Your spell library was empty.

Dungeon Overview and Level Annotations

Branches:
Dungeon (3/15)

Altars:

Annotations:
D:2 exclusion: goblin


Innate Abilities, Weirdness & Mutations

You have sharp fingernails.
You are partially covered in molten scales. (AC +2)
You are partially covered in sharp spines.


Message History

The scorpion is heavily wounded.
The worm barely misses you. The scorpion stings you!
You scratch the scorpion.
The scorpion is severely wounded.
You scratch the scorpion but do no damage.
The scorpion is severely wounded.
The scorpion is struck by your spines.
The scorpion stings you but does no damage.
The worm is struck by your spines. The worm bites you.
* * * LOW HITPOINT WARNING * * *
The scorpion stings you.
* * * LOW HITPOINT WARNING * * *
Things that are here:
a +2 flail of protection; 4 boomerangs; an orc corpse You barely miss the scorpion.
The scorpion is severely wounded.
You scratch the scorpion but do no damage.
The scorpion is severely wounded.
The scorpion stings you!
You die...

#.......# #........#
. ##.#......#
..###..#......#
......#......####
........)....... .
^.####[.#......###...
.....................
.#...#....@sw.>.##.
.......<#........#
#.......###..###.....
................ ....
............#### ...
............# ..
............. .
............#
............#


You could see a worm and a scorpion.

Vanquished Creatures
  8 adders (D:2)
  4 worms (D:2)
  4 dart slugs
  2 orcs (D:3)
  A giant cockroach (D:1)
  5 goblins
  A hobgoblin (D:1)
  4 jackals (D:2)
  5 kobolds
  A quokka (D:2)
  2 bats
  2 frilled lizards (D:2)
  4 rats
43 creatures vanquished.

Notes
Turn   | Place    | Note
-------+----------+-------------------------------------------
     0 | D:1      | kae the Demonspawn Gladiator began the quest for the Orb.
     0 | D:1      | Reached XP level 1. HP: 16/16 MP: 1/1
   355 | D:1      | Reached skill level 3 in Unarmed Combat
   399 | D:1      | Gained mutation: You are partially covered in sharp spines.
                  | [demonic ancestry]
   399 | D:1      | Reached XP level 2. HP: 19/22 MP: 2/2
  1163 | D:2      | Gained mutation: You have sharp fingernails. [demonic
                  | ancestry]
  1163 | D:2      | Reached XP level 3. HP: 25/28 MP: 3/3
  1264 | D:2      | Gained mutation: You are partially covered in molten
                  | scales. (AC +2) [demonic ancestry]
  1264 | D:2      | Reached XP level 4. HP: 21/34 MP: 4/4
  1467 | D:2      | Reached skill level 4 in Unarmed Combat
  1755 | D:3      | Slain by a scorpion

Levels and vault maps discovered:
D:1:      dpeg_arrival_lava_altar, layout_basic, hangedman_decor_points,
          st_stairs_14
D:2:      layout_basic
D:3:      layout_rooms, chequers_temple_overflow_minitemple, tso_metal_star,
          uniq_ijyb, uniq_natasha, uniq_sigmund

Skill      XL: |  1  2  3  4 |
---------------+-------------+-----
Unarmed Combat | 3 4 |  4.3
Dodging        | 3 |  3.0
Fighting       | 3 |  3.2
Throwing       | |  1.7

Action                   |  1- 3 |  4- 6 || total
-------------------------+-------+-------++-------
Melee: Unarmed           |    78 |    69 ||   147
       Punch             |     1 |       ||     1
  Use: Scroll            |     5 |       ||     5
  Eat: Chunk             |     1 |     2 ||     3
Armor: Leather armour    |    14 |    10 ||    24
Dodge: Dodged            |    50 |    42 ||    92

Table legend:
 A = Non-vault XP
 B = Vault XP
 C = Vault XP percentage of total XP
 D = Non-vault monster count
 E = Vault monster count
 F = Vault count percentage of total count
                 A         B        C        D         E       F
            +---------+---------+-------+---------+---------+-------
      Total |     183 |       5 |   2.7 |      41 |       2 |   4.7
            +---------+---------+-------+---------+---------+-------
        D:1 |      19 |       5 |  20.8 |      10 |       2 |  16.7
        D:2 |     158 |       0 |   0.0 |      29 |       0 |   0.0
        D:3 |       6 |       0 |   0.0 |       2 |       0 |   0.0
            +---------+---------+-------+---------+---------+-------
